Map: Jagannatha LE

Players

rottenorange

  • Race: Zerg Zerg
  • League: Bronze
  • Spawn Location: 1:00

itsDani - Winner!

  • Race: Zerg Zerg
  • League: Platinum
  • Spawn Location: 7:00

VOD

Have the link to the VOD?

Description

Time

  • Played on: Oct. 8, 2020, 3:47 p.m.
  • Length: 14:20
Show
View Real Time Build Order
Export as new Build Order

rottenorange Zerg 

Build Orders: Hatch First 

Get SALT Encoding   

  12  0:00  Drone  
  13  0:13  Overlord  
  13  0:18  Drone  
  14  0:33  Drone x2  
  16  0:42  Drone  
  17  0:56  Hatchery  
  16  0:58  Drone  
  16  1:02  Drone  
  18  1:08  Extractor  
  17  1:18  Spawning Pool  
  16  1:21  Drone  
  16  1:24  Drone  
  18  1:31  Drone  
  19  1:44  Overlord  
  19  1:55  Drone  
  20  2:08  Queen x2  
  20  2:12  Metabolic Boost  
  24  2:22  Drone x2  
  26  2:26  Zergling x6  
  29  2:39  Zergling x2  
  30  2:44  Queen  
  32  2:57  Drone x3  
  35  2:59  Drone  
  36  3:08  Baneling Nest  
  34  3:39  Zergling x2  
  34  3:40  Zergling x2  
  36  3:43  Overlord  
  36  3:44  Overlord x4  
  36  3:47  Lair  
  36  4:10  Zergling x2  
  36  4:11  Zergling x8  
  41  4:29  Baneling  
  41  4:30  Baneling x4  
  41  4:39  Zergling x8  
  41  4:42  Drone  
  41  4:43  Drone x8  
  47  5:17  Baneling x5  
  47  5:26  Zergling x8  
  47  5:27  Zergling x14  
  54  5:49  Roach Warren  
  53  6:04  Baneling x5  
  53  6:14  Extractor  
  53  6:17  Drone x3  
  55  6:24  Drone  
  55  6:25  Drone x2  
  58  6:34  Glial Reconstitution  
  58  6:39  Extractor  
  57  6:42  Drone x3  
  57  6:43  Drone x2  
  62  7:06  Hatchery  
  62  7:08  Roach x7  
  61  7:24  Evolution Chamber  
  61  7:28  Evolution Chamber  
  59  7:33  Overlord x2  
  59  7:34  Overlord, Drone  
  62  7:37  Roach x5  
  70  7:53  Zerg Missile Weapons Level 1  
  70  7:55  Zerg Ground Armor Level 1  
  70  7:57  Roach  
  72  8:09  Extractor  
  72  8:12  Drone x3  
  74  8:32  Hydralisk Den  
  73  8:42  Roach  
  73  8:43  Roach x11  
  97  8:58  Drone x2  
  97  9:01  Drone  
  97  9:02  Drone x5  
  105  9:21  Grooved Spines  
  105  9:24  Overlord x7  
  105  9:29  Overseer  
  105  9:41  Queen  
  105  9:44  Hydralisk  
  105  9:45  Hydralisk x10  
  129  9:59  Overseer  
  129  10:01  Drone x2  
  131  10:08  Zerg Missile Weapons Level 2  
  131  10:16  Drone  
  131  10:17  Extractor  
  131  10:18  Hydralisk  
  131  10:19  Extractor, Hydralisk x2  
  128  10:55  Drone x3  
  131  10:57  Drone  
  131  10:58  Drone x5  
  137  11:15  Zerg Ground Armor Level 2  
  137  11:17  Hydralisk  
  137  11:18  Hydralisk x8  
  155  11:39  Pneumatized Carapace  
  85  12:23  Roach x7, Hydralisk x4  
  85  12:24  Roach, Hydralisk x8  
  123  12:31  Overseer  
  123  12:46  Muscular Augments  
  123  12:49  Hydralisk  
  123  12:50  Hydralisk x6  
  137  12:52  Roach  
  85  13:15  Roach x3, Hydralisk  
  85  13:16  Roach, Hydralisk x4  
  103  13:32  Lurker Den  
  84  13:53  Overseer x2  
Show
View Real Time Build Order
Export as new Build Order

itsDani Zerg - Winner!

Build Orders: Hatch First, Lurkers, Roach Hydra 

Get SALT Encoding   

  12  0:01  Drone  
  13  0:13  Overlord  
  13  0:17  Drone  
  14  0:32  Drone  
  14  0:33  Drone  
  16  0:50  Hatchery  
  16  0:56  Drone  
  16  0:57  Drone  
  17  1:00  Drone  
  18  1:10  Extractor  
  17  1:16  Spawning Pool  
  16  1:26  Drone x2  
  16  1:29  Drone  
  19  1:39  Overlord  
  19  1:52  Drone  
  20  2:03  Queen x2  
  24  2:13  Metabolic Boost  
  24  2:21  Drone  
  25  2:23  Zergling x4  
  25  2:24  Drone x2  
  25  2:25  Drone  
  30  2:36  Overlord  
  30  2:47  Zergling x4  
  30  2:49  Drone  
  33  2:57  Queen  
  33  2:58  Queen  
  35  3:03  Overlord, Drone  
  37  3:24  Drone  
  37  3:25  Drone x5  
  37  3:26  Overlord  
  43  3:41  Drone x4  
  45  3:46  Hatchery  
  46  3:50  Lair  
  46  3:56  Extractor  
  46  3:59  Extractor  
  44  4:05  Roach Warren  
  44  4:06  Evolution Chamber  
  44  4:09  Drone x2  
  45  4:10  Drone  
  45  4:13  Drone x5  
  50  4:25  Queen  
  52  4:41  Zerg Missile Weapons Level 1  
  52  4:51  Zergling x4  
  52  4:52  Zergling x2  
  55  4:57  Queen  
  49  5:08  Zergling x2  
  49  5:09  Zergling x10  
  49  5:10  Roach x4  
  49  5:11  Queen  
  63  5:17  Roach  
  63  5:19  Glial Reconstitution  
  64  5:23  Drone  
  65  5:34  Evolution Chamber  
  58  5:40  Roach  
  58  5:41  Roach x3  
  66  5:46  Overlord x3  
  66  6:03  Queen  
  69  6:11  Spine Crawler  
  69  6:12  Roach x4  
  69  6:13  Roach  
  69  6:15  Drone x3  
  69  6:18  Hydralisk Den  
  80  6:20  Extractor  
  80  6:22  Drone x2  
  80  6:24  Drone x3  
  84  6:26  Overlord x2  
  84  6:27  Overlord  
  84  6:29  Roach x3  
  84  6:30  Overlord  
  90  6:44  Queen  
  92  6:49  Drone  
  92  6:50  Drone  
  94  6:56  Zerg Missile Weapons Level 2  
  94  7:03  Drone x3  
  94  7:04  Drone x9  
  104  7:19  Roach x3  
  110  7:31  Drone x7  
  110  7:32  Drone  
  110  7:35  Extractor  
  110  7:36  Extractor  
  116  7:39  Grooved Spines  
  116  7:45  Lurker Den  
  116  7:46  Hatchery  
  116  7:48  Infestation Pit  
  113  7:57  Pneumatized Carapace  
  113  8:13  Drone x2  
  113  8:14  Drone  
  113  8:16  Hydralisk x3  
  113  8:17  Overlord  
  113  8:18  Overlord x4  
  122  8:25  Hive  
  122  8:28  Evolution Chamber  
  121  8:52  Muscular Augments, Hydralisk  
  121  8:53  Hydralisk x5  
  131  9:00  Hydralisk  
  131  9:01  Hydralisk x4  
  141  9:08  Lurker  
  142  9:11  Zergling x10  
  142  9:12  Zergling x12  
  153  9:21  Queen  
  153  9:22  Drone  
  153  9:23  Drone x7  
  163  9:31  Zerg Ground Armor Level 1  
  163  9:37  Zerg Missile Weapons Level 3  
  163  9:38  Overlord  
  163  9:39  Overlord x5  
  163  9:48  Adaptive Talons  
  163  9:54  Drone x2  
  163  9:55  Drone x3  
  163  9:57  Drone x2  
  163  9:58  Drone  
  163  9:59  Drone x3  
  175  10:00  Drone  
  175  10:02  Extractor  
  175  10:03  Extractor  
  173  10:10  Hydralisk x4  
  173  10:11  Hydralisk x5  
  184  10:47  Hydralisk  
  184  10:48  Hydralisk x4  
  184  10:49  Hydralisk x3  
  200  11:03  Overlord x6  
  200  11:04  Overlord x3  
  200  11:05  Overseer  
  200  11:06  Overseer x5  
  200  11:46  Hatchery  
  152  12:17  Hydralisk x5  
  152  12:20  Hydralisk  
  152  12:21  Hydralisk x3  
  154  12:23  Lurker x5  
  154  12:24  Lurker x4  
  154  12:28  Hydralisk  
  154  12:29  Hydralisk x12  
  189  12:41  Overseer  
  189  13:05  Hydralisk x2  
  172  13:06  Hydralisk x12  
  200  13:33  Extractor  
  195  13:35  Extractor  
  192  13:42  Drone x2  
  194  14:11  Hatchery  
Tags
 
Matchup
ZvZ
Race
Zerg
Replay Pack
replays
Spawn Locations
Cross Positions
Add a new tag
Caveats
  • Supply blocks, unpowered buildings, or Contaminate may cause inaccurate times.
  • Supply counts are checked every 10 seconds.